 Dungeon Crawl Stone Soup version 0.27.0-1-g7a089689b8 (webtiles) character file.

Game seed: 6686842675780292692

87 fiver49 the Skirmisher (level 4, -1/38 HPs)
             Began as a Ghoul Arcane Marksman on Aug 5, 2021.
             Slain by Natasha (6 damage)
             ... on level 3 of the Dungeon.
             The game lasted 00:06:01 (3573 turns).

fiver49 the Skirmisher (Ghoul Arcane Marksman)      Turns: 3573, Time: 00:06:02

Health: -1/38      AC:  2    Str: 14    XL:     4   Next: 51%
Magic:  4/4        EV: 12    Int:  8    God:
Gold:   92         SH:  0    Dex:  9    Spells: 4/5 levels left

rFire    . . .     SeeInvis .   e - +0 hand axe
rCold    + . .     Faith    .   (no shield)
rNeg     + + +     Spirit   .   a - +0 robe
rPois    ∞         Reflect  .   (no helmet)
rElec    .         Harm     .   (no cloak)
rCorr    .         Rampage  .   (no gloves)
Will     .....                  (no boots)
Stlth    +.........             (no amulet)
HPRegen  0.00/turn              (no ring)
MPRegen  0.09/turn              (no ring)

@: inhibited regen, slowed, very slow
A: claws 1, cold resistance 1, negative energy resistance 3, inhibited
regeneration, torment resistance 2
a: no special abilities


You were on level 3 of the Dungeon.
You visited 1 branch of the dungeon, and saw 3 of its levels.

You collected 92 gold pieces.

Inventory:

Hand Weapons
 e - a +0 hand axe (weapon)
Armour
 a - a +0 robe (worn)
Scrolls
 h - 2 scrolls of blinking {unknown}
 j - a scroll of noise {unknown}
 k - a scroll of enchant armour {unknown}
Potions
 f - a potion of cancellation
 g - a potion of magic {unknown}
 i - a potion of lignification {unknown}


   Skills:
 - Level 3.0 Fighting
 + Level 2.7 Axes
 - Level 1.7 Throwing
 - Level 1.7 Dodging
 - Level 1.0 Spellcasting
 - Level 2.4 Hexes


You had 4 spell levels left.
You knew the following spells:

 Your Spells              Type           Power      Damage    Failure   Level
a - Corona                Hex            4%         N/A       16%         1

Your spell library contained the following spells:

 Spells                   Type           Power      Damage    Failure   Level
 Slow                     Hex            4%         N/A       22%         2
 Inner Flame              Hex/Fire       2%         N/A       58%         3
 Portal Projectile        Hex/Tloc       4%         N/A       58%         3
 Ozocubu's Armour         Ice            0%         N/A       75%         3
 Cause Fear               Hex            2%         N/A       83%         4
 Ozocubu's Refrigeration  Ice            0%         4d5       100%        7


Dungeon Overview and Level Annotations

Branches:
Dungeon (3/15)

Altars:

Annotations:
D:3 Natasha


Innate Abilities, Weirdness & Mutations

You thrive by killing the living.
You are immune to poison.
You have sharp fingernails.
Your flesh is cold resistant. (rC+)
You are immune to negative energy. (rN+++)
You do not regenerate when monsters are visible.
You are immune to unholy pain and torment.


Message History

A kobold comes into view. It is wielding a +0 short sword.
The kobold shouts!
Natasha hisses angrily.
The kobold closely misses you.
You hit the kobold.
The kobold is heavily wounded.
The kobold hits you with a +0 short sword.
You hit the kobold.
You kill the kobold!
You feel better.
You barely miss Natasha. Natasha casts a spell at you.
You feel yourself slow down.
You closely miss Natasha. Natasha claws you. Natasha closely misses you.
You closely miss Natasha. Natasha casts a spell at you.
You feel as though you will be slow longer.
You barely miss Natasha.
Natasha stares at you and mumbles some strange words.
The magic dart hits you. Natasha closely misses you.
You hit Natasha.
Natasha is lightly wounded.
Natasha claws you. x2
You barely miss Natasha.
Natasha is lightly wounded.
Natasha claws you.
You hit Natasha.
Natasha is lightly wounded.
Natasha completely misses you.
Natasha stares at you and mumbles some strange words.
You resist with some effort.
You hit Natasha but do no damage.
Natasha is lightly wounded.
Natasha misses you. Natasha claws you!
You barely miss Natasha.
Natasha is lightly wounded.
Natasha claws you!
* * * LOW HITPOINT WARNING * * *
Natasha claws you.
You die...

#. #. #. #### #.
..# #. #.#
#.#######.#
#....<.@h.#
#..######.##.##.#
#..# #.......#
#..# #..####.#
#.h# ###..#
#..##......#
#.....# #...
##.##.# #...# #.#
# #..##


You could see Natasha.

Vanquished Creatures
  2 adders (D:2)
  2 dart slugs (D:1)
  7 endoplasms
  5 giant cockroaches
  3 goblins
  5 hobgoblins
  10 jackals
  7 kobolds
  2 quokkas (D:1)
  2 ball pythons
  6 bats
  3 frilled lizards
  2 rats
56 creatures vanquished.

Notes
Turn   | Place    | Note
-------+----------+-------------------------------------------
     0 | D:1      | fiver49 the Ghoul Arcane Marksman began the quest for the
                  | Orb.
     0 | D:1      | Reached XP level 1. HP: 16/16 MP: 1/1
   191 | D:1      | Reached skill level 2 in Fighting
   198 | D:1      | Reached XP level 2. HP: 16/24 MP: 2/2
   859 | D:1      | Reached XP level 3. HP: 24/30 MP: 3/3
   995 | D:1      | Reached skill level 3 in Fighting
   995 | D:1      | Reached skill level 1 in Axes
  1066 | D:1      | HP: 1/31 [bat (1)]
  1919 | D:2      | Reached XP level 4. HP: 34/38 MP: 4/4
  2498 | D:3      | Noticed Natasha
  3067 | D:1      | Found a faded altar of an unknown god.
  3573 | D:3      | Slain by Natasha

Illustrated notes

Levels and vault maps discovered:
D:1:      amcnicky_arrival_gap_in_the_tavern_cellar, layout_loops_ring,
          shapermc_ecumenical_altar_totnotflames, palyth_stone_intersect,
          minmay_3d_cube
D:2:      layout_basic
D:3:      minmay_skewed_foursquare, layout_loops_ring, uniq_natasha

Skill      XL: |  1  2  3 |
---------------+----------+-----
Fighting       | 2 3 |  3.0
Axes           | 2 |  2.7
Throwing       | |  1.7
Dodging        | |  1.7
Spellcasting   | |  1.0
Hexes          | |  2.4

Action                   |  1- 3 |  4- 6 || total
-------------------------+-------+-------++-------
Melee: Hand axe          |   124 |    94 ||   218
       Unarmed           |     6 |       ||     6
Throw: Javelin           |    19 |     2 ||    21
       Throwing net      |     3 |       ||     3
 Cast: Corona            |     2 |     1 ||     3
  Use: Potion            |     2 |       ||     2
Armor: Robe              |    33 |    21 ||    54
Dodge: Dodged            |   125 |    58 ||   183
